 Dungeon Crawl Stone Soup version 0.17.0-7-gfadd4cc (webtiles) character file.

2365 kroki the Thrower (level 9, -7/51 HPs)
             Began as a Kobold Berserker on Nov 8, 2015.
             Was a Priest of Trog.
             Mangled by an orc warrior
             ... wielding a +0 dire flail
              (18 damage)
             ... on level 7 of the Dungeon.
             The game lasted 00:11:47 (10206 turns).

kroki the Thrower (Kobold Berserker)               Turns: 10206, Time: 00:11:47

Health: -7/51      AC: 11    Str: 16    XL:     9   Next: 72%
Magic:  9/9        EV: 10    Int:  5    God:    Trog [***...]
Gold:   330        SH:  0    Dex: 18    Spells: 0 memorised, 8 levels left

rFire  . . .     SeeInvis +     a - +1 short sword
rCold  . . .     Clarity  .     l - +0 chain mail
rNeg   . . .     SustAt   .     (shield restricted)
rPois  +         Gourm    .     p - +0 helmet
rElec  .         Spirit   .     (no cloak)
rCorr  .         Warding  .     j - +1 pair of gloves
rMut   .         Stasis   .     (no boots)
MR     .....                    (no amulet)
Stlth  ..........               C - ring of poison resistance {rPois, !d}
                                n - ring of see invisible {sInv, !d}

@: not resistant to hostile enchantments, extremely unstealthy
A: carnivore 3
a: Berserk, Trog's Hand, Burn Spellbooks, Renounce Religion


You were on level 7 of the Dungeon.
You worshipped Trog.
Trog was most pleased with you.
You were full.

You visited 1 branch of the dungeon, and saw 6 of its levels.

You collected 330 gold pieces.

Inventory:

Hand Weapons
 a - a +1 short sword (weapon)
Missiles
 k - 142 stones (quivered)
 u - 2 throwing nets {=f, !d}
 B - 4 needles of confusion
Armour
 c - a +0 pair of gloves
   (You found it on level 2 of the Dungeon)
 j - a +1 pair of gloves (worn)
   (You found it on level 3 of the Dungeon)
 l - a +0 chain mail (worn)
   (You found it on level 1 of the Dungeon)
 p - a +0 helmet (worn)
   (You took it off Robin on level 3 of the Dungeon)
Jewellery
 n - a ring of see invisible (left hand) {sInv, !d}
   (You found it on level 3 of the Dungeon)
 C - a ring of poison resistance (right hand) {rPois, !d}
   (You found it on level 7 of the Dungeon)
Wands
 b - a wand of fire (3)
   (You found it on level 3 of the Dungeon)
 w - a wand of teleportation (5)
   (You found it on level 6 of the Dungeon)
 y - a wand of lightning (5)
   (You found it on level 6 of the Dungeon)
Scrolls
 e - 2 scrolls of remove curse
 f - 2 scrolls of enchant weapon
 h - a scroll of magic mapping {!r}
 s - a scroll of noise {!r}
 A - a scroll of recharging
Potions
 d - a potion of might {unknown}
 g - a potion of heal wounds
 i - 2 potions of invisibility
 o - a potion of mutation {unknown}
 q - 2 potions of agility {unknown}
 r - a potion of ambrosia {unknown}
 t - a potion of brilliance
 v - a potion of curing {unknown}
 x - 2 potions of flight {unknown}
Comestibles
 m - 3 slices of pizza
 D - a royal jelly
 E - 6 beef jerkies


   Skills:
 - Level 3.2 Fighting
 - Level 4.0 Short Blades
 + Level 13.0 Throwing
 - Level 1.5 Armour
 - Level 2.4 Dodging


You had 8 spell levels left.
You didn't know any spells.

Dungeon Overview and Level Annotations

Branches:
Dungeon (7/15)
 Temple: D:4-7

Altars:
Ashenzari
Gozag

Shops:
D:4 *   D:7 :


Innate Abilities, Weirdness & Mutations

You are small and have problems with some larger weapons.
You are carnivorous and can eat meat at any time.


Message History

The orc yells loudly, as Orcs often do.
Throwing (i - inventory. (,) - cycle):
k - 158 stones (quivered)
Press: ? - help, Shift-Dir - straight line, f/p - orc
Aim: an orc, wearing a ring mail You throw a stone.
The stone hits the orc but does no damage.
The orc barely misses you.
Throwing (i - inventory. (,) - cycle):
k - 157 stones (quivered)
Press: ? - help, Shift-Dir - straight line, f/p - orc
Aim: an orc, wearing a ring mail You throw a stone.
The stone hits the orc.
The orc is moderately wounded.
The orc hits you but does no damage.
Throwing (i - inventory. (,) - cycle):
k - 156 stones (quivered)
Press: ? - help, Shift-Dir - straight line, f/p - orc
Aim: an orc, wearing a ring mail (moderately wounded)
You throw a stone. The stone barely misses the orc.
The stone hits the orc.
You kill the orc!
Trog accepts your kill.
Throwing (i - inventory. (,) - cycle):
k - 155 stones (quivered)
Press: ? - help, Shift-Dir - straight line, f/p - orc
Aim: an orc, wearing a ring mail (moderately wounded)
You throw a stone. The stone hits the orc.
The orc is severely wounded.
The orc hits you.
Throwing (i - inventory. (,) - cycle):
k - 154 stones (quivered)
Press: ? - help, Shift-Dir - straight line, f/p - orc
Aim: an orc, wearing a ring mail (severely wounded)
You throw a stone. The stone hits the orc.
You kill the orc!
Trog accepts your kill.
The orc warrior throws a tomahawk.
The tomahawk barely misses you.
The orc warrior throws a tomahawk.
The tomahawk closely misses you.
You see here 2 tomahawks.
The orc warrior picks up a scroll of identify.
Throwing (i - inventory. (,) - cycle):
k - 153 stones (quivered)
Press: ? - help, Shift-Dir - straight line, f - orc
Aim: an orc, wielding a flail of holy wrath You throw a stone.
The stone hits the orc.
The orc is heavily wounded.
The orc barely misses you.
Throwing (i - inventory. (,) - cycle):
k - 152 stones (quivered)
Press: ? - help, Shift-Dir - straight line, f/p - orc
Aim: an orc, wielding a flail of holy wrath (heavily wounded)
You throw a stone. The stone hits the orc.
You kill the orc!
Trog accepts your kill.
Throwing (i - inventory. (,) - cycle):
k - 151 stones (quivered)
Press: ? - help, Shift-Dir - straight line, f - orc warrior
Aim: an orc warrior, wielding a dire flail and wearing a plate armour You throw a stone.
The stone hits the orc warrior but does no damage.
Throwing (i - inventory. (,) - cycle):
k - 150 stones (quivered)
Press: ? - help, Shift-Dir - straight line, f/p - orc warrior
Aim: an orc warrior, wielding a dire flail and wearing a plate armour You throw a stone.
The stone hits the orc warrior but does no damage.
Throwing (i - inventory. (,) - cycle):
k - 149 stones (quivered)
Press: ? - help, Shift-Dir - straight line, f/p - orc warrior
Aim: an orc warrior, wielding a dire flail and wearing a plate armour You throw a stone.
The stone hits the orc warrior but does no damage.
The orc warrior hits you with a dire flail!!
Throwing (i - inventory. (,) - cycle):
k - 148 stones (quivered)
Press: ? - help, Shift-Dir - straight line, f/p - orc warrior
Aim: an orc warrior, wielding a dire flail and wearing a plate armour You throw a stone.
The stone barely misses the orc warrior.
Throwing (i - inventory. (,) - cycle):
k - 147 stones (quivered)
Press: ? - help, Shift-Dir - straight line, f/p - orc warrior
Aim: an orc warrior, wielding a dire flail and wearing a plate armour You throw a stone.
The stone barely misses the orc warrior.
The orc warrior closely misses you.
Throwing (i - inventory. (,) - cycle):
k - 146 stones (quivered)
Press: ? - help, Shift-Dir - straight line, f/p - orc warrior
Aim: an orc warrior, wielding a dire flail and wearing a plate armour You throw a stone.
The stone barely misses the orc warrior.
The orc warrior hits you with a dire flail!
Throwing (i - inventory. (,) - cycle):
k - 145 stones (quivered)
Press: ? - help, Shift-Dir - straight line, f/p - orc warrior
Aim: an orc warrior, wielding a dire flail and wearing a plate armour You throw a stone.
The stone hits the orc warrior.
The orc warrior is moderately wounded.
Throwing (i - inventory. (,) - cycle):
k - 144 stones (quivered)
Press: ? - help, Shift-Dir - straight line, f/p - orc warrior
Aim: an orc warrior, wielding a dire flail and wearing a plate armour (moderately wounded)
You throw a stone.
The stone barely misses the orc warrior.
The orc warrior hits you with a dire flail!
* * * LOW HITPOINT WARNING * * *
Throwing (i - inventory. (,) - cycle):
k - 143 stones (quivered)
Press: ? - help, Shift-Dir - straight line, f/p - orc warrior
Aim: an orc warrior, wielding a dire flail and wearing a plate armour (moderately wounded)
You throw a stone.
The stone hits the orc warrior but does no damage.
The orc warrior is moderately wounded.
The orc warrior hits you with a dire flail!!
You die...

...##(.....)..##
.......(..##[.#
###..o#######.##
..(...# #.(#
(.....# ##o#
..(...# #o##
#####.## ##o# #
#(.# #o## ###.####
##@# #
##......######.#
###...........##.#
.......>#......###
..##....######.#
........#####.##
...........##.#
..............####
...........##.##.#


You could see an orc warrior, an orc wizard (invisible) and 2 orcs.

Vanquished Creatures
  Pikel (D:7)
  2 orc warriors
  A sky beast (D:7)
  2 black bears (D:6)
  4 slaves
  2 ogres
  A giant frog (D:7)
  2 scorpions (D:7)
  2 electric eels (D:7)
  A hound (D:7)
  2 jellies
  A gnoll shaman (D:4)
  A giant frog skeleton (D:7)
  A centaur zombie (D:6)
  2 orc priests
  3 orc wizards
  4 centaur skeletons
  7 worker ants
  Natasha (D:4)
  2 iguanas (D:4)
  A hound skeleton (D:7)
  Robin (D:3)
  6 gnolls (D:4)
  12 adders
  2 oozes
  3 worms (D:2)
  An adder skeleton (D:6)
  5 giant geckos
  18 orcs
  18 goblins
  10 hobgoblins
  8 jackals
  11 kobolds
  3 quokkas
  12 bats
  2 giant cockroaches
  A giant gecko zombie (D:7)
  5 giant newts
  12 rats
173 creatures vanquished.

Notes
Turn   | Place    | Note
--------------------------------------------------------------
     0 | D:1      | kroki the Kobold Berserker began the quest for the Orb.
     0 | D:1      | Reached XP level 1. HP: 14/14 MP: 1/1
   159 | D:1      | Reached skill level 1 in Throwing
   212 | D:1      | You fall through a shaft!
   238 | D:2      | Reached XP level 2. HP: 19/19 MP: 2/2
   297 | D:2      | Reached skill level 2 in Throwing
   663 | D:1      | Reached XP level 3. HP: 18/23 MP: 3/3
   837 | D:1      | Reached ** piety under Trog
   998 | D:1      | Reached skill level 3 in Throwing
  1561 | D:1      | Reached XP level 4. HP: 28/28 MP: 4/4
  2141 | D:2      | Reached skill level 4 in Throwing
  2840 | D:2      | Reached XP level 5. HP: 32/32 MP: 5/5
  3600 | D:3      | Reached *** piety under Trog
  3600 | D:3      | Reached skill level 5 in Throwing
  3764 | D:3      | Found a shattered altar of Ashenzari.
  3999 | D:3      | Noticed Robin
  4045 | D:3      | Killed Robin
  4671 | D:3      | Reached XP level 6. HP: 20/37 MP: 6/6
  5074 | D:4      | Found Gozag's Platinum Reserve.
  5074 | D:4      | Found an opulent altar of Gozag.
  5084 | D:4      | Reached skill level 6 in Throwing
  5466 | D:4      | Reached **** piety under Trog
  5611 | D:4      | Reached skill level 7 in Throwing
  5618 | D:4      | Reached XP level 7. HP: 41/41 MP: 7/7
  5680 | D:4      | Noticed Natasha
  5697 | D:4      | Killed Natasha
  6097 | D:4      | You fall through a shaft for 2 floors!
  6109 | D:6      | Reached skill level 8 in Throwing
  6823 | D:6      | Reached skill level 9 in Throwing
  6823 | D:6      | Reached XP level 8. HP: 35/46 MP: 8/8
  6978 | D:6      | HP: 11/46 [black bear (6)]
  7940 | D:6      | Reached skill level 10 in Throwing
  8172 | D:7      | Noticed Pikel
  8225 | D:6      | HP: 8/46 [slave[Pikel] (5)]
  8242 | D:6      | HP: 10/46 [slave[Pikel] (6)]
  8246 | D:6      | HP: 4/46 [slave[Pikel] (6)]
  8251 | D:6      | HP: 9/69 [slave[Pikel] (3)]
  8481 | D:7      | Killed Pikel
  8481 | D:7      | Reached skill level 11 in Throwing
  8481 | D:7      | Reached XP level 9. HP: 51/51 MP: 9/9
  8736 | D:7      | Reached skill level 12 in Throwing
  8931 | D:7      | Found Yrelab's Book Shop.
  8969 | D:7      | Found a runed door.
  8973 | D:7      | Received a gift from Trog
 10082 | D:7      | Reached skill level 13 in Throwing
 10205 | D:7      | HP: 11/51 [orc warrior/dire flail (7)]
 10206 | D:7      | Mangled by an orc warrior

Action                   |  1- 3 |  4- 6 |  7- 9 || total
-------------------------+-------+-------+-------++-------
Melee: Short sword       |    78 |   289 |   286 ||   653
       Rapier            |       |     3 |       ||     3
Throw: Stone             |       |   123 |    82 ||   205
       Tomahawk          |       |       |    75 ||    75
Invok: Berserk           |     5 |    10 |    13 ||    28
       Trog's Hand       |       |       |     1 ||     1
Evoke: Wand              |       |     2 |     6 ||     8
  Use: Scroll            |       |    10 |     2 ||    12
 Stab: Sleeping          |     1 |       |       ||     1
  Eat: Chunk             |     7 |    20 |    30 ||    57
       Meat ration       |       |     1 |       ||     1

Vault maps used:
D:1:      lightli_arrival_farm
D:3:      ashenzari_altar_1, bh_chokoban, uniq_robin
D:4:      lemuel_round_altar, minmay_item_behind_shaft,
          nicolae_gozag_zags_fifth_avenue, uniq_natasha
D:6:      minmay_temple_entry_from_below_a, serial_park_tiny_1
D:7:      serial_shops, shop, grunt_ogre_cave, minivault_4,
          lightli_church_of_beogh, uniq_pikel

Table legend:
 A = Turns spent in this place as a percentage of turns spent in the entire game.
 B = Non-inter-level travel turns spent in this place as a percentage of non-inter-level travel turns spent in the entire game.
 C = Inter-level travel turns spent in this place as a percentage of turns spent in this place.
 D = Turns resting spent in this place as a percentage of non-inter-level travel turns spent in this place.
 E = Turns spent auto-exploring this place as a percentage of non-inter-level travel turns spent in this place.
 F = Non-inter-level travel turns spent in this place divided by the number of levels of this place that you've seen.
                   A       B       C       D       E      F
               +-------+-------+-------+-------+-------+----------------------
         Total | 100.0 | 100.0 |   0.7 |   6.2 |   6.2 | 537.5
       Dungeon | 100.0 | 100.0 |   0.7 |   6.2 |   6.2 | 537.5
               +-------+-------+-------+-------+-------+----------------------

Table legend:
 A = Kills in this place as a percentage of kills in entire the game.
 B = Kills by you in this place as a percentage of kills by you in the entire game.
 C = Kills by friends in this place as a percentage of kills by friends in the entire game.
 D = Other kills in this place as a percentage of other kills in the entire game.
 E = Experience gained in this place as a percentage of experience gained in the entire game.
 F = Experience gained in this place divided by the number of levels of this place that you have seen.
                   A       B       C       D       E      F
               +-------+-------+-------+-------+-------+----------------------
         Total | 100.0 | 100.0 |  -nan |  -nan | 100.0 | 563.2
       Dungeon | 100.0 | 100.0 |  -nan |  -nan | 100.0 | 563.2
               +-------+-------+-------+-------+-------+----------------------
